[ AOE2 MATCH · #479216610 ]
Team RMBurgundians vs Franks
[ REPLAY ANALYSIS · EXTRACTED FROM THE RECORDED GAME ]
Feudal
11:46
Castle
15:19
Imperial
31:54
| APM avg | 43.7 |
| APM peak | 116 |
| eAPM avg | 21.8 |
| Villagers / military | 138 / 271 |
Focus
⚔️ 32.2% · 🌾 67.8%
Flemish Militia ×108 · Spearman ×104 · Knight ×39 · Monk ×12 · Bombard Cannon ×7 · Mangonel ×1
Feudal
11:09
Castle
14:42
Imperial
—
| APM avg | 15.9 |
| APM peak | 55 |
| eAPM avg | 9.4 |
| Villagers / military | 123 / 24 |
Focus
⚔️ 15.3% · 🌾 84.7%
Scorpion ×9 · Woad Raider ×8 · Spearman ×7 · Unknown (1105) ×1
Feudal
10:46
Castle
14:23
Imperial
28:16
| APM avg | 25.2 |
| APM peak | 52 |
| eAPM avg | 20.1 |
| Villagers / military | 170 / 320 |
Focus
⚔️ 42.0% · 🌾 58.0%
Knight ×315 · Trebuchet (Packed) ×5
Feudal
11:47
Castle
15:42
Imperial
36:09
| APM avg | 48.3 |
| APM peak | 100 |
| eAPM avg | 26.2 |
| Villagers / military | 141 / 64 |
Focus
⚔️ 43.6% · 🌾 56.4%
Unknown (1952) ×83 · Scout Cavalry ×64 · Unknown (1949) ×51 · Unknown (1944) ×11 · Unknown (1942) ×2
Feudal
11:41
Castle
27:49
Imperial
40:17
| APM avg | 25.2 |
| APM peak | 60 |
| eAPM avg | 12.7 |
| Villagers / military | 119 / 220 |
Focus
⚔️ 38.3% · 🌾 61.7%
Spearman ×187 · Battering Ram ×19 · Militia ×10 · Mangonel ×4
Feudal
10:25
Castle
13:58
Imperial
33:22
| APM avg | 27.0 |
| APM peak | 76 |
| eAPM avg | 14.1 |
| Villagers / military | 166 / 74 |
Focus
⚔️ 21.1% · 🌾 78.9%
Knight ×40 · Camel Scout ×34
Feudal
13:39
Castle
17:17
Imperial
21:46
| APM avg | 19.4 |
| APM peak | 66 |
| eAPM avg | 9.4 |
| Villagers / military | 72 / 72 |
Focus
⚔️ 31.0% · 🌾 69.0%
Hand Cannoneer ×58 · Bombard Cannon ×14
Feudal
11:11
Castle
14:52
Imperial
33:34
| APM avg | 27.3 |
| APM peak | 65 |
| eAPM avg | 18.8 |
| Villagers / military | 179 / 130 |
Focus
⚔️ 30.2% · 🌾 69.8%
Spearman ×76 · Battering Ram ×47 · Militia ×4 · Woad Raider ×2 · Scorpion ×1
Match map
Initial resources + every placement click. Lines = walls · curves = elevation contours. ◆ gold · ⬟ stone · ● berries · ✦ relic · ◌ wall gap
Your base· ✓ Closed at 15:19 · 0t walls · 2 gate(s)
Stabgrover's base· ✓ Closed at 14:42 · 0t walls · 2 gate(s)
proxxi's base· ✓ Closed at 14:23 · 0t walls · 2 gate(s)
無際's base· ✓ Closed at 15:42 · 18t walls · 4 gate(s)
雨""沉's base· ✓ Closed at 27:49 · 1t walls · 3 gate(s)
TheLastOne's base· ✓ Closed at 13:58 · 0t walls · 3 gate(s)
ky21431's base· ✓ Closed at 17:17 · 0t walls · 3 gate(s)
夏夕夏景's base· ✓ Closed at 14:52 · 0t walls · 3 gate(s)
Smoothed initial terrain · ◌ = detected wall gap · hover for details
Inputs per minute
— 大折跃 - - Stabgrover
Build order — 大折跃
First 150 of 499 actions detected
| 0:01 | Create | Villager (Male) |
| 0:01 | Create | Villager (Male) |
| 0:02 | Build | House |
| 0:04 | Build | House |
| 0:22 | Create | Villager (Male) |
| 0:22 | Create | Villager (Male) |
| 0:23 | Create | Villager (Male) |
| 1:34 | Create | Villager (Male) |
| 1:35 | Create | Villager (Male) |
| 1:48 | Create | Villager (Male) |
| 1:48 | Create | Villager (Male) |
| 2:09 | Create | Villager (Male) |
| 2:16 | Build | Lumber Camp |
| 2:32 | Create | Villager (Male) |
| 2:33 | Create | Villager (Male) |
| 2:33 | Create | Villager (Male) |
| 3:09 | Create | Villager (Male) |
| 3:09 | Create | Villager (Male) |
| 3:24 | Build | House |
| 3:25 | Build | House |
| 3:43 | Create | Villager (Male) |
| 3:44 | Create | Villager (Male) |
| 3:44 | Create | Villager (Male) |
| 4:11 | Create | Villager (Male) |
| 4:11 | Create | Villager (Male) |
| 4:11 | Create | Villager (Male) |
| 4:51 | Create | Villager (Male) |
| 4:51 | Create | Villager (Male) |
| 4:52 | Create | Villager (Male) |
| 5:48 | Create | Villager (Male) |
| 5:48 | Create | Villager (Male) |
| 5:48 | Create | Villager (Male) |
| 5:54 | Build | Mill |
| 5:59 | Create | Villager (Male) |
| 6:20 | Create | Villager (Male) |
| 7:01 | Create | Villager (Male) |
| 7:02 | Create | Villager (Male) |
| 7:36 | Build | House |
| 8:34 | Research | Feudal Age |
| 8:38 | Create | Villager (Male) |
| 8:47 | Create | Villager (Male) |
| 9:20 | Build | Mining Camp |
| 9:26 | Build | Mining Camp |
| 9:35 | Research | Feudal Age |
| 10:22 | Build | Farm |
| 10:26 | Build | Farm |
| 10:30 | Build | Farm |
| 11:01 | Create | Villager (Male) |
| 11:02 | Create | Villager (Male) |
| 11:12 | Research | Double-Bit Axe |
| 11:13 | Research | Horse Collar |
| 11:29 | Build | Farm |
| 11:46 | Age | Feudal Age |
| 11:51 | Build | Market |
| 11:57 | Build | Blacksmith |
| 12:07 | Build | House |
| 12:11 | Research | Bow Saw |
| 12:32 | Create | Villager (Male) |
| 12:39 | Research | Castle Age |
| 12:40 | Research | Castle Age |
| 12:48 | Build | Lumber Camp |
| 12:56 | Build | Lumber Camp |
| 13:20 | Research | Heavy Plow |
| 13:27 | Build | Farm |
| 13:56 | Build | Mining Camp |
| 14:30 | Create | Villager (Male) |
| 14:31 | Create | Villager (Male) |
| 15:19 | Age | Castle Age |
| 15:29 | Build | Town Center |
| 15:39 | Build | Town Center |
| 16:24 | Build | Siege Workshop |
| 16:25 | Create | Villager (Male) |
| 16:25 | Create | Villager (Male) |
| 16:32 | Research | Loom |
| 16:33 | Create | Villager (Male) |
| 16:34 | Create | Villager (Male) |
| 16:50 | Build | Farm |
| 16:52 | Build | Farm |
| 16:55 | Build | Farm |
| 16:56 | Create | Villager (Male) |
| 16:56 | Create | Villager (Male) |
| 16:58 | Create | Villager (Male) |
| 16:58 | Create | Villager (Male) |
| 17:04 | Build | Town Center |
| 17:08 | Create | Villager (Male) |
| 17:28 | Build | Siege Workshop |
| 17:38 | Build | Siege Workshop |
| 17:40 | Create | Villager (Male) |
| 18:06 | Build | Farm |
| 18:06 | Build | Farm |
| 18:06 | Build | Farm |
| 18:07 | Build | Farm |
| 18:07 | Build | Farm |
| 18:09 | Build | Farm |
| 18:12 | Research | Wheelbarrow |
| 18:44 | Create | Villager (Male) |
| 18:44 | Create | Villager (Male) |
| 18:58 | Create | Mangonel |
| 19:01 | Create | Villager (Male) |
| 19:01 | Create | Villager (Male) |
| 19:13 | Create | Villager (Male) |
| 19:18 | Build | Farm |
| 19:21 | Build | Farm |
| 19:23 | Create | Villager (Male) |
| 19:39 | Build | Siege Workshop |
| 19:39 | Create | Villager (Male) |
| 19:47 | Build | Farm |
| 19:49 | Create | Villager (Male) |
| 19:49 | Create | Villager (Male) |
| 19:53 | Build | Farm |
| 19:55 | Build | Farm |
| 19:57 | Build | Farm |
| 20:00 | Build | Farm |
| 20:04 | Create | Villager (Male) |
| 20:04 | Create | Villager (Male) |
| 20:05 | Create | Villager (Male) |
| 20:18 | Build | Farm |
| 20:32 | Create | Villager (Male) |
| 20:33 | Create | Villager (Male) |
| 20:33 | Create | Villager (Male) |
| 20:33 | Create | Villager (Male) |
| 20:39 | Build | Monastery |
| 20:41 | Create | Villager (Male) |
| 20:41 | Create | Villager (Male) |
| 20:43 | Create | Villager (Male) |
| 20:47 | Build | House |
| 20:48 | Build | House |
| 20:48 | Build | House |
| 20:49 | Build | House |
| 20:50 | Create | Villager (Male) |
| 21:13 | Create | Villager (Male) |
| 21:14 | Create | Villager (Male) |
| 21:14 | Create | Villager (Male) |
| 21:19 | Research | Hand Cart |
| 21:24 | Create | Villager (Male) |
| 21:24 | Create | Villager (Male) |
| 21:27 | Build | House |
| 21:28 | Build | House |
| 21:30 | Create | Monk |
| 21:50 | Build | Castle |
| 21:53 | Build | Mining Camp |
| 21:54 | Create | Villager (Male) |
| 21:55 | Create | Villager (Male) |
| 21:55 | Create | Villager (Male) |
| 22:13 | Create | Villager (Male) |
| 22:13 | Create | Villager (Male) |
| 22:13 | Create | Villager (Male) |
| 22:32 | Build | Farm |
| 22:34 | Build | Farm |
| 22:45 | Research | Two-Man Saw |
Build order — Stabgrover
First 150 of 252 actions detected
| 0:01 | Create | Villager (Male) |
| 0:01 | Create | Villager (Male) |
| 0:02 | Create | Villager (Male) |
| 0:02 | Create | Villager (Male) |
| 0:02 | Create | Villager (Male) |
| 0:04 | Build | House |
| 0:06 | Build | House |
| 1:24 | Create | Villager (Male) |
| 1:54 | Build | Lumber Camp |
| 1:56 | Create | Villager (Male) |
| 1:56 | Create | Villager (Male) |
| 2:26 | Create | Villager (Male) |
| 2:49 | Build | House |
| 3:08 | Create | Villager (Male) |
| 3:15 | Create | Villager (Male) |
| 3:15 | Create | Villager (Male) |
| 3:47 | Create | Villager (Male) |
| 3:48 | Create | Villager (Male) |
| 3:48 | Create | Villager (Male) |
| 4:36 | Create | Villager (Male) |
| 5:02 | Build | Mill |
| 5:10 | Create | Villager (Male) |
| 5:24 | Create | Villager (Male) |
| 5:42 | Build | House |
| 5:46 | Create | Villager (Male) |
| 5:48 | Create | Villager (Male) |
| 5:58 | Create | Villager (Male) |
| 5:58 | Create | Villager (Male) |
| 5:58 | Create | Villager (Male) |
| 7:23 | Create | Villager (Male) |
| 7:23 | Create | Villager (Male) |
| 7:24 | Create | Villager (Male) |
| 8:01 | Build | House |
| 8:24 | Build | Mining Camp |
| 8:38 | Research | Feudal Age |
| 10:22 | Build | Mining Camp |
| 10:44 | Create | Villager (Male) |
| 10:45 | Create | Villager (Male) |
| 11:09 | Age | Feudal Age |
| 11:15 | Build | Market |
| 11:20 | Build | Blacksmith |
| 12:02 | Research | Castle Age |
| 12:19 | Research | Double-Bit Axe |
| 12:54 | Research | Gold Mining |
| 13:05 | Research | Horse Collar |
| 14:24 | Build | House |
| 14:42 | Age | Castle Age |
| 14:44 | Build | Farm |
| 14:44 | Build | Farm |
| 14:44 | Build | Farm |
| 14:45 | Build | Farm |
| 14:45 | Build | Farm |
| 14:54 | Build | Siege Workshop |
| 15:05 | Build | Castle |
| 15:17 | Create | Villager (Male) |
| 15:18 | Create | Villager (Male) |
| 15:39 | Build | Lumber Camp |
| 15:59 | Create | Unit 1105 |
| 16:22 | Build | Farm |
| 16:41 | Build | Farm |
| 16:43 | Create | Woad Raider |
| 16:44 | Create | Woad Raider |
| 16:46 | Create | Villager (Male) |
| 16:58 | Build | Farm |
| 17:08 | Create | Woad Raider |
| 17:10 | Create | Villager (Male) |
| 17:15 | Build | Farm |
| 17:28 | Build | Farm |
| 17:37 | Build | Farm |
| 17:38 | Create | Villager (Male) |
| 17:39 | Create | Woad Raider |
| 17:46 | Create | Woad Raider |
| 17:49 | Create | Woad Raider |
| 18:16 | Research | Scale Mail Armor |
| 18:36 | Create | Villager (Male) |
| 18:37 | Create | Villager (Male) |
| 18:38 | Create | Villager (Male) |
| 18:51 | Build | Town Center |
| 20:02 | Create | Villager (Male) |
| 20:04 | Create | Villager (Male) |
| 20:07 | Research | Forging |
| 20:20 | Build | Farm |
| 20:25 | Build | Farm |
| 20:32 | Build | Farm |
| 20:36 | Build | Farm |
| 20:43 | Create | Villager (Male) |
| 20:44 | Create | Villager (Male) |
| 20:45 | Create | Villager (Male) |
| 21:01 | Create | Villager (Male) |
| 21:10 | Create | Villager (Male) |
| 21:19 | Build | Barracks |
| 21:24 | Create | Villager (Male) |
| 21:25 | Create | Villager (Male) |
| 21:33 | Build | Town Center |
| 21:41 | Create | Villager (Male) |
| 21:41 | Create | Villager (Male) |
| 21:53 | Create | Villager (Male) |
| 21:53 | Create | Villager (Male) |
| 22:04 | Create | Villager (Male) |
| 22:05 | Create | Villager (Male) |
| 22:35 | Create | Woad Raider |
| 22:35 | Create | Woad Raider |
| 22:54 | Create | Villager (Male) |
| 22:54 | Create | Villager (Male) |
| 23:04 | Create | Villager (Male) |
| 23:12 | Build | Farm |
| 23:13 | Build | Farm |
| 23:13 | Build | Farm |
| 23:13 | Build | Farm |
| 23:14 | Build | Farm |
| 23:37 | Create | Villager (Male) |
| 23:59 | Create | Villager (Male) |
| 23:59 | Create | Villager (Male) |
| 24:17 | Create | Villager (Male) |
| 24:38 | Create | Villager (Male) |
| 24:51 | Create | Villager (Male) |
| 25:09 | Create | Villager (Male) |
| 25:09 | Create | Villager (Male) |
| 25:24 | Create | Villager (Male) |
| 25:25 | Create | Villager (Male) |
| 25:25 | Create | Villager (Male) |
| 25:26 | Create | Villager (Male) |
| 25:26 | Create | Villager (Male) |
| 25:35 | Build | Mill |
| 25:37 | Build | Farm |
| 25:37 | Build | Farm |
| 25:37 | Build | Farm |
| 25:37 | Build | Farm |
| 25:38 | Build | Farm |
| 25:38 | Build | Farm |
| 25:38 | Build | Farm |
| 25:40 | Create | Villager (Male) |
| 25:41 | Create | Villager (Male) |
| 25:42 | Create | Villager (Male) |
| 25:51 | Build | Mill |
| 25:52 | Build | Farm |
| 25:53 | Build | Farm |
| 25:53 | Build | Farm |
| 25:53 | Build | Farm |
| 25:54 | Build | Farm |
| 25:54 | Build | Farm |
| 25:54 | Build | Farm |
| 25:59 | Research | Heavy Plow |
| 26:09 | Research | Bow Saw |
| 26:10 | Research | Bow Saw |
| 26:21 | Research | Wheelbarrow |
| 26:22 | Create | Villager (Male) |
| 26:22 | Create | Villager (Male) |
| 26:32 | Build | House |
| 26:34 | Build | House |
Build order — proxxi
First 150 of 598 actions detected
| 0:04 | Build | House |
| 0:06 | Build | House |
| 0:07 | Create | Villager (Male) |
| 0:08 | Create | Villager (Male) |
| 0:08 | Create | Villager (Male) |
| 0:08 | Create | Villager (Male) |
| 0:09 | Create | Villager (Male) |
| 1:35 | Create | Villager (Male) |
| 1:35 | Create | Villager (Male) |
| 1:54 | Build | Lumber Camp |
| 2:03 | Create | Villager (Male) |
| 2:03 | Create | Villager (Male) |
| 2:39 | Create | Villager (Male) |
| 2:39 | Create | Villager (Male) |
| 3:05 | Create | Villager (Male) |
| 3:05 | Create | Villager (Male) |
| 3:05 | Create | Villager (Male) |
| 3:10 | Build | House |
| 3:42 | Create | Villager (Male) |
| 3:43 | Create | Villager (Male) |
| 4:03 | Build | Mill |
| 4:09 | Create | Villager (Male) |
| 4:10 | Create | Villager (Male) |
| 4:41 | Create | Villager (Male) |
| 4:41 | Create | Villager (Male) |
| 4:41 | Create | Villager (Male) |
| 5:12 | Create | Villager (Male) |
| 5:13 | Create | Villager (Male) |
| 5:13 | Create | Villager (Male) |
| 5:18 | Build | House |
| 6:06 | Create | Villager (Male) |
| 6:06 | Create | Villager (Male) |
| 6:06 | Create | Villager (Male) |
| 6:06 | Create | Villager (Male) |
| 6:06 | Create | Villager (Male) |
| 6:07 | Create | Villager (Male) |
| 6:40 | Create | Villager (Male) |
| 6:40 | Create | Villager (Male) |
| 6:40 | Create | Villager (Male) |
| 8:04 | Build | House |
| 8:17 | Build | Mining Camp |
| 8:22 | Research | Feudal Age |
| 8:49 | Create | Villager (Male) |
| 8:49 | Create | Villager (Male) |
| 8:59 | Build | Farm |
| 9:00 | Build | Farm |
| 9:52 | Build | Farm |
| 10:46 | Age | Feudal Age |
| 10:51 | Build | Market |
| 10:55 | Build | Blacksmith |
| 11:43 | Research | Castle Age |
| 11:56 | Build | House |
| 12:18 | Build | Farm |
| 12:28 | Research | Double-Bit Axe |
| 12:34 | Build | House |
| 13:14 | Build | Farm |
| 13:40 | Create | Villager (Male) |
| 13:40 | Create | Villager (Male) |
| 13:48 | Build | Farm |
| 14:23 | Age | Castle Age |
| 14:28 | Build | Town Center |
| 14:36 | Build | Town Center |
| 14:41 | Create | Villager (Male) |
| 14:41 | Create | Villager (Male) |
| 14:46 | Build | Farm |
| 14:49 | Research | Bow Saw |
| 15:15 | Create | Villager (Male) |
| 15:15 | Create | Villager (Male) |
| 15:18 | Build | Farm |
| 15:25 | Build | Farm |
| 15:35 | Create | Villager (Male) |
| 15:35 | Create | Villager (Male) |
| 15:45 | Build | Farm |
| 15:52 | Build | Farm |
| 16:05 | Create | Villager (Male) |
| 16:06 | Create | Villager (Male) |
| 16:06 | Create | Villager (Male) |
| 16:06 | Create | Villager (Male) |
| 16:12 | Build | Farm |
| 16:21 | Build | Farm |
| 16:22 | Create | Villager (Male) |
| 16:22 | Create | Villager (Male) |
| 16:23 | Create | Villager (Male) |
| 16:23 | Create | Villager (Male) |
| 16:35 | Build | Farm |
| 16:46 | Create | Villager (Male) |
| 16:46 | Create | Villager (Male) |
| 16:46 | Create | Villager (Male) |
| 16:47 | Create | Villager (Male) |
| 16:51 | Build | Farm |
| 16:53 | Build | Farm |
| 17:02 | Build | Farm |
| 17:06 | Build | Farm |
| 17:11 | Create | Villager (Male) |
| 17:11 | Create | Villager (Male) |
| 17:11 | Create | Villager (Male) |
| 17:20 | Build | Farm |
| 17:24 | Create | Villager (Male) |
| 17:28 | Build | Farm |
| 17:32 | Create | Villager (Male) |
| 17:32 | Create | Villager (Male) |
| 17:35 | Build | Farm |
| 17:38 | Create | Villager (Male) |
| 17:38 | Create | Villager (Male) |
| 17:47 | Create | Villager (Male) |
| 17:48 | Create | Villager (Male) |
| 17:48 | Create | Villager (Male) |
| 17:50 | Build | Farm |
| 18:05 | Build | Farm |
| 18:08 | Build | Farm |
| 18:12 | Create | Villager (Male) |
| 18:13 | Create | Villager (Male) |
| 18:13 | Create | Villager (Male) |
| 18:13 | Create | Villager (Male) |
| 18:27 | Build | House |
| 18:47 | Build | Town Center |
| 18:49 | Create | Villager (Male) |
| 18:50 | Create | Villager (Male) |
| 18:50 | Create | Villager (Male) |
| 18:50 | Create | Villager (Male) |
| 18:50 | Create | Villager (Male) |
| 18:55 | Build | House |
| 18:56 | Build | House |
| 18:57 | Build | House |
| 19:03 | Create | Villager (Male) |
| 19:04 | Create | Villager (Male) |
| 19:04 | Create | Villager (Male) |
| 19:04 | Create | Villager (Male) |
| 19:11 | Build | Farm |
| 19:19 | Research | Wheelbarrow |
| 19:30 | Build | House |
| 19:31 | Create | Villager (Male) |
| 19:32 | Create | Villager (Male) |
| 19:32 | Create | Villager (Male) |
| 19:41 | Create | Villager (Male) |
| 19:41 | Create | Villager (Male) |
| 19:45 | Build | House |
| 19:46 | Build | House |
| 19:46 | Build | House |
| 19:54 | Build | Farm |
| 19:55 | Build | Farm |
| 19:58 | Build | Farm |
| 20:00 | Build | Farm |
| 20:03 | Create | Villager (Male) |
| 20:03 | Create | Villager (Male) |
| 20:03 | Create | Villager (Male) |
| 20:03 | Create | Villager (Male) |
| 20:04 | Create | Villager (Male) |
| 20:16 | Build | House |
| 20:17 | Build | House |
Build order — 無際
First 150 of 503 actions detected
| 0:02 | Create | Villager (Male) |
| 0:02 | Create | Villager (Male) |
| 0:02 | Create | Villager (Male) |
| 0:03 | Create | Villager (Male) |
| 0:03 | Create | Villager (Male) |
| 0:04 | Build | House |
| 0:06 | Build | House |
| 1:39 | Create | Villager (Male) |
| 1:39 | Create | Villager (Male) |
| 2:04 | Create | Villager (Male) |
| 2:04 | Create | Villager (Male) |
| 2:14 | Create | Villager (Male) |
| 2:14 | Create | Villager (Male) |
| 2:49 | Build | Lumber Camp |
| 2:54 | Create | Villager (Male) |
| 2:54 | Create | Villager (Male) |
| 3:16 | Build | House |
| 3:17 | Build | House |
| 3:33 | Create | Villager (Male) |
| 3:33 | Create | Villager (Male) |
| 3:49 | Create | Villager (Male) |
| 3:49 | Create | Villager (Male) |
| 4:21 | Create | Villager (Male) |
| 4:21 | Create | Villager (Male) |
| 4:53 | Build | Mill |
| 5:27 | Create | Villager (Male) |
| 5:27 | Create | Villager (Male) |
| 5:36 | Create | Villager (Male) |
| 5:36 | Create | Villager (Male) |
| 5:37 | Create | Villager (Male) |
| 5:37 | Create | Villager (Male) |
| 6:23 | Build | Barracks |
| 6:25 | Build | House |
| 7:02 | Create | Villager (Male) |
| 7:03 | Create | Villager (Male) |
| 7:24 | Create | Villager (Male) |
| 7:24 | Create | Villager (Male) |
| 7:29 | Create | Villager (Male) |
| 7:43 | Build | Mining Camp |
| 8:20 | Create | Villager (Male) |
| 8:52 | Research | Feudal Age |
| 9:41 | Create | Villager (Male) |
| 9:45 | Create | Villager (Male) |
| 9:45 | Create | Villager (Male) |
| 9:54 | Build | House |
| 10:46 | Research | Loom |
| 11:47 | Age | Feudal Age |
| 11:51 | Build | Archery Range |
| 11:54 | Build | Blacksmith |
| 12:27 | Research | Castle Age |
| 12:27 | Research | Castle Age |
| 12:37 | Build | Mining Camp |
| 12:51 | Build | House |
| 12:53 | Build | House |
| 13:04 | Research | Double-Bit Axe |
| 13:18 | Research | Horse Collar |
| 14:02 | Build | Farm |
| 14:03 | Build | Farm |
| 14:05 | Build | Farm |
| 14:16 | Build | Outpost |
| 14:19 | Build | Outpost |
| 14:21 | Build | Outpost |
| 14:25 | Create | Villager (Male) |
| 14:26 | Create | Villager (Male) |
| 14:41 | Build | Outpost |
| 15:00 | Build | Gate |
| 15:09 | Build | Stone Wall |
| 15:42 | Research | Stone Mining |
| 15:42 | Age | Castle Age |
| 16:04 | Build | Stone Wall |
| 16:28 | Build | House |
| 16:29 | Build | House |
| 16:32 | Build | House |
| 16:34 | Build | House |
| 16:50 | Build | Castle |
| 17:23 | Build | Stone Wall |
| 17:28 | Create | Villager (Male) |
| 17:28 | Create | Villager (Male) |
| 17:31 | Build | Farm |
| 17:32 | Build | Farm |
| 18:18 | Build | Stable |
| 18:33 | Build | House |
| 18:36 | Create | Villager (Male) |
| 19:13 | Create | Unit 1949 |
| 19:14 | Create | Unit 1949 |
| 19:50 | Create | Villager (Male) |
| 20:16 | Create | Villager (Male) |
| 20:16 | Create | Villager (Male) |
| 20:21 | Build | Farm |
| 20:23 | Build | Farm |
| 21:00 | Create | Villager (Male) |
| 21:00 | Create | Villager (Male) |
| 21:06 | Build | Town Center |
| 21:25 | Create | Villager (Male) |
| 21:25 | Create | Villager (Male) |
| 21:40 | Create | Villager (Male) |
| 21:41 | Create | Villager (Male) |
| 21:58 | Build | Farm |
| 22:09 | Create | Villager (Male) |
| 22:09 | Create | Villager (Male) |
| 22:22 | Build | Farm |
| 22:22 | Build | Farm |
| 22:22 | Build | Farm |
| 22:23 | Build | Farm |
| 22:23 | Build | Farm |
| 22:23 | Build | Farm |
| 22:24 | Build | Farm |
| 22:24 | Build | Farm |
| 22:28 | Create | Villager (Male) |
| 22:28 | Create | Villager (Male) |
| 22:51 | Create | Villager (Male) |
| 22:52 | Create | Villager (Male) |
| 23:00 | Create | Villager (Male) |
| 23:00 | Create | Villager (Male) |
| 23:23 | Create | Villager (Male) |
| 23:23 | Create | Villager (Male) |
| 23:34 | Create | Villager (Male) |
| 23:35 | Create | Villager (Male) |
| 23:35 | Create | Villager (Male) |
| 23:55 | Create | Villager (Male) |
| 23:56 | Create | Villager (Male) |
| 24:03 | Create | Villager (Male) |
| 24:04 | Create | Villager (Male) |
| 24:11 | Create | Villager (Male) |
| 24:11 | Create | Villager (Male) |
| 24:21 | Build | Mill |
| 24:23 | Build | Farm |
| 24:23 | Build | Farm |
| 24:23 | Build | Farm |
| 24:24 | Build | Farm |
| 24:24 | Build | Farm |
| 24:24 | Build | Farm |
| 24:25 | Build | Farm |
| 24:31 | Build | Farm |
| 24:32 | Create | Villager (Male) |
| 24:38 | Create | Villager (Male) |
| 24:53 | Build | Lumber Camp |
| 24:55 | Create | Villager (Male) |
| 25:03 | Create | Villager (Male) |
| 25:21 | Create | Villager (Male) |
| 25:31 | Build | Stable |
| 25:33 | Create | Villager (Male) |
| 25:33 | Create | Villager (Male) |
| 25:38 | Create | Villager (Male) |
| 25:38 | Create | Villager (Male) |
| 25:38 | Create | Villager (Male) |
| 25:50 | Create | Unit 1949 |
| 25:54 | Create | Villager (Male) |
| 26:06 | Create | Villager (Male) |
| 26:18 | Build | Archery Range |
Build order — 雨""沉
First 150 of 313 actions detected
| 0:07 | Build | House |
| 0:10 | Build | House |
| 0:26 | Create | Villager (Male) |
| 0:27 | Create | Villager (Male) |
| 0:27 | Create | Villager (Male) |
| 0:28 | Create | Villager (Male) |
| 0:28 | Create | Villager (Male) |
| 1:35 | Create | Villager (Male) |
| 1:35 | Create | Villager (Male) |
| 2:10 | Create | Villager (Male) |
| 2:10 | Create | Villager (Male) |
| 2:41 | Create | Villager (Male) |
| 2:41 | Create | Villager (Male) |
| 3:19 | Create | Villager (Male) |
| 3:19 | Create | Villager (Male) |
| 3:20 | Create | Villager (Male) |
| 4:00 | Create | Villager (Male) |
| 4:00 | Create | Villager (Male) |
| 4:01 | Create | Villager (Male) |
| 4:11 | Build | House |
| 4:12 | Build | House |
| 4:15 | Build | House |
| 5:05 | Create | Villager (Male) |
| 5:06 | Create | Villager (Male) |
| 5:06 | Create | Villager (Male) |
| 5:06 | Create | Villager (Male) |
| 5:34 | Build | Lumber Camp |
| 6:13 | Create | Villager (Male) |
| 6:13 | Create | Villager (Male) |
| 6:13 | Create | Villager (Male) |
| 6:46 | Build | Mill |
| 6:53 | Create | Villager (Male) |
| 7:42 | Create | Villager (Male) |
| 7:43 | Create | Villager (Male) |
| 7:43 | Create | Villager (Male) |
| 7:43 | Create | Villager (Male) |
| 8:10 | Build | Farm |
| 8:35 | Build | Farm |
| 8:43 | Create | Villager (Male) |
| 9:00 | Build | Farm |
| 9:26 | Build | Mining Camp |
| 9:31 | Research | Feudal Age |
| 10:27 | Build | Barracks |
| 11:19 | Create | Militia |
| 11:20 | Create | Militia |
| 11:20 | Create | Militia |
| 11:20 | Create | Militia |
| 11:21 | Create | Militia |
| 11:21 | Create | Militia |
| 11:23 | Create | Militia |
| 11:31 | Build | House |
| 11:41 | Age | Feudal Age |
| 11:48 | Build | Blacksmith |
| 11:58 | Create | Villager (Male) |
| 11:59 | Create | Villager (Male) |
| 12:27 | Build | Siege Workshop |
| 13:02 | Create | Battering Ram |
| 13:03 | Create | Battering Ram |
| 13:32 | Build | House |
| 13:35 | Build | House |
| 13:36 | Build | House |
| 13:37 | Build | House |
| 13:42 | Research | Man-at-Arms (upgrade) |
| 13:43 | Create | Militia |
| 14:01 | Create | Militia |
| 14:01 | Create | Militia |
| 14:37 | Build | Town Center |
| 14:40 | Create | Villager (Male) |
| 14:40 | Create | Villager (Male) |
| 14:40 | Create | Villager (Male) |
| 15:24 | Build | House |
| 15:25 | Build | House |
| 15:26 | Build | House |
| 15:33 | Research | Horse Collar |
| 15:36 | Research | Double-Bit Axe |
| 16:19 | Create | Villager (Male) ×5 |
| 18:12 | Create | Villager (Male) ×5 |
| 19:00 | Build | Farm |
| 19:00 | Build | Farm |
| 19:00 | Build | Farm |
| 19:00 | Build | Farm |
| 19:02 | Build | Farm |
| 19:03 | Build | Farm |
| 19:03 | Build | Farm |
| 19:04 | Build | Farm |
| 19:04 | Build | Farm |
| 19:04 | Build | Farm |
| 19:14 | Create | Villager (Male) ×5 |
| 20:18 | Create | Villager (Male) ×3 |
| 21:23 | Create | Villager (Male) ×5 |
| 21:38 | Build | Farm |
| 21:38 | Build | Farm |
| 21:40 | Build | Farm |
| 21:59 | Build | Mill |
| 22:00 | Build | Farm |
| 22:00 | Build | Farm |
| 22:01 | Build | Farm |
| 22:01 | Build | Farm |
| 22:01 | Build | Farm |
| 22:02 | Build | Farm |
| 22:02 | Build | Farm |
| 22:03 | Build | Farm |
| 22:07 | Create | Villager (Male) |
| 22:08 | Create | Villager (Male) |
| 22:10 | Create | Villager (Male) |
| 22:14 | Build | House |
| 22:15 | Build | House |
| 22:19 | Build | House |
| 22:22 | Build | House |
| 22:37 | Build | Palisade Wall |
| 22:42 | Create | Villager (Male) |
| 22:45 | Create | Villager (Male) |
| 22:49 | Build | Farm |
| 22:51 | Build | Farm |
| 22:53 | Build | Farm |
| 22:55 | Build | Farm |
| 22:57 | Build | Farm |
| 22:58 | Build | Farm |
| 23:00 | Build | Farm |
| 23:01 | Build | Farm |
| 23:13 | Research | Loom |
| 23:15 | Research | Wheelbarrow |
| 23:28 | Build | Farm |
| 23:29 | Build | Farm |
| 23:49 | Create | Villager (Male) |
| 23:49 | Create | Villager (Male) |
| 24:16 | Build | Mining Camp |
| 24:27 | Create | Villager (Male) |
| 24:27 | Create | Villager (Male) |
| 24:33 | Build | House |
| 24:33 | Build | House |
| 24:34 | Build | House |
| 24:35 | Build | House |
| 24:38 | Build | House |
| 24:41 | Build | House |
| 24:41 | Build | House |
| 24:45 | Build | House |
| 24:51 | Build | House |
| 24:57 | Research | Castle Age |
| 25:08 | Research | Gold Mining |
| 25:11 | Research | Stone Mining |
| 25:17 | Create | Villager (Male) |
| 25:58 | Build | Barracks |
| 26:00 | Build | Barracks |
| 26:06 | Create | Battering Ram |
| 26:10 | Create | Villager (Male) |
| 26:11 | Create | Villager (Male) |
| 26:12 | Create | Villager (Male) |
| 26:14 | Research | Scale Mail Armor |
| 26:14 | Research | Forging |
Build order — TheLastOne
First 150 of 403 actions detected
| 0:00 | Create | Villager (Male) |
| 0:01 | Create | Villager (Male) |
| 0:02 | Build | House |
| 0:05 | Build | House |
| 0:11 | Create | Villager (Male) |
| 0:13 | Create | Villager (Male) |
| 0:15 | Create | Villager (Male) |
| 0:15 | Create | Villager (Male) |
| 1:23 | Create | Villager (Male) |
| 1:24 | Create | Villager (Male) |
| 1:53 | Create | Villager (Male) |
| 1:53 | Create | Villager (Male) |
| 1:58 | Build | Lumber Camp |
| 2:20 | Create | Villager (Male) |
| 2:56 | Create | Villager (Male) |
| 2:56 | Create | Villager (Male) |
| 3:03 | Create | Villager (Male) |
| 3:04 | Create | Villager (Male) |
| 3:17 | Build | House |
| 3:25 | Build | House |
| 3:26 | Build | House |
| 3:27 | Build | House |
| 3:47 | Create | Villager (Male) |
| 3:51 | Create | Villager (Male) |
| 3:51 | Create | Villager (Male) |
| 4:05 | Build | Mill |
| 4:30 | Create | Villager (Male) |
| 4:35 | Create | Villager (Male) |
| 4:36 | Create | Villager (Male) |
| 5:13 | Create | Villager (Male) |
| 5:14 | Create | Villager (Male) |
| 5:14 | Create | Villager (Male) |
| 5:35 | Create | Villager (Male) |
| 5:45 | Create | Villager (Male) |
| 6:10 | Create | Villager (Male) |
| 6:11 | Create | Villager (Male) |
| 6:32 | Create | Villager (Male) |
| 6:34 | Create | Villager (Male) |
| 6:47 | Create | Villager (Male) |
| 6:49 | Create | Villager (Male) |
| 6:57 | Create | Villager (Male) |
| 6:58 | Create | Villager (Male) |
| 7:07 | Build | Farm |
| 7:15 | Build | Farm |
| 7:25 | Create | Villager (Male) |
| 7:29 | Create | Villager (Male) |
| 7:29 | Create | Villager (Male) |
| 7:47 | Build | Mining Camp |
| 7:48 | Create | Villager (Male) |
| 7:53 | Build | Farm |
| 8:00 | Create | Villager (Male) |
| 8:01 | Create | Villager (Male) |
| 8:14 | Research | Feudal Age |
| 8:29 | Create | Villager (Male) |
| 8:34 | Create | Villager (Male) |
| 8:34 | Create | Villager (Male) |
| 8:37 | Build | Farm |
| 8:50 | Create | Villager (Male) |
| 8:54 | Build | Farm |
| 8:55 | Create | Villager (Male) |
| 8:56 | Create | Villager (Male) |
| 9:02 | Create | Villager (Male) |
| 9:03 | Create | Villager (Male) |
| 10:25 | Age | Feudal Age |
| 10:29 | Build | Blacksmith |
| 10:35 | Build | Market |
| 10:39 | Build | House |
| 10:40 | Build | House |
| 11:23 | Research | Castle Age |
| 11:25 | Research | Double-Bit Axe |
| 11:47 | Build | House |
| 12:19 | Create | Villager (Male) |
| 12:39 | Research | Horse Collar |
| 12:45 | Build | Barracks |
| 12:48 | Create | Villager (Male) |
| 13:21 | Build | Mining Camp |
| 13:58 | Age | Castle Age |
| 14:00 | Research | Scale Barding Armor |
| 14:06 | Build | Stable |
| 14:09 | Create | Villager (Male) |
| 14:56 | Build | Town Center |
| 15:00 | Create | Villager (Male) |
| 15:01 | Create | Villager (Male) |
| 15:07 | Build | Farm |
| 15:21 | Build | House |
| 15:26 | Research | Bloodlines |
| 15:31 | Create | Knight |
| 15:32 | Create | Knight |
| 15:35 | Create | Villager (Male) |
| 15:42 | Build | Stable |
| 15:47 | Build | Farm |
| 15:49 | Create | Villager (Male) |
| 16:22 | Create | Villager (Male) |
| 16:26 | Build | Farm |
| 16:29 | Build | Farm |
| 16:38 | Build | Farm |
| 16:42 | Build | Farm |
| 16:44 | Create | Villager (Male) |
| 16:52 | Build | House |
| 17:08 | Create | Knight |
| 17:19 | Build | Farm |
| 17:24 | Build | Farm |
| 17:27 | Build | Farm |
| 17:30 | Build | Farm |
| 17:34 | Build | House |
| 17:36 | Create | Villager (Male) |
| 17:37 | Create | Villager (Male) |
| 17:57 | Create | Villager (Male) |
| 18:12 | Create | Knight |
| 18:21 | Build | Farm |
| 18:24 | Build | Farm |
| 18:25 | Create | Villager (Male) |
| 18:28 | Build | Farm |
| 18:36 | Build | Farm |
| 18:40 | Create | Knight |
| 18:40 | Create | Knight |
| 18:44 | Create | Villager (Male) |
| 18:49 | Build | House |
| 18:50 | Build | House |
| 18:56 | Build | Farm |
| 18:59 | Create | Villager (Male) |
| 19:15 | Create | Villager (Male) |
| 19:16 | Create | Villager (Male) |
| 19:17 | Build | Farm |
| 19:28 | Create | Villager (Male) |
| 19:32 | Create | Villager (Male) |
| 19:45 | Create | Villager (Male) |
| 20:00 | Create | Villager (Male) |
| 20:15 | Create | Knight |
| 20:15 | Create | Knight |
| 20:19 | Build | House |
| 20:21 | Build | House |
| 20:25 | Create | Villager (Male) |
| 20:33 | Create | Villager (Male) |
| 20:37 | Build | Town Center |
| 20:41 | Build | Farm |
| 20:42 | Create | Villager (Male) |
| 20:46 | Build | Farm |
| 20:54 | Build | Farm |
| 20:55 | Build | Farm |
| 20:56 | Create | Villager (Male) |
| 20:58 | Create | Villager (Male) |
| 21:18 | Create | Villager (Male) |
| 21:19 | Create | Villager (Male) |
| 21:22 | Create | Villager (Male) |
| 21:30 | Build | House |
| 21:31 | Build | House |
| 21:32 | Create | Villager (Male) |
| 21:44 | Create | Knight |
| 21:44 | Create | Knight |
Build order — ky21431
First 150 of 233 actions detected
| 0:05 | Build | House |
| 0:06 | Create | Villager (Male) ×4 |
| 0:10 | Build | House |
| 1:37 | Create | Villager (Male) |
| 2:18 | Create | Villager (Male) |
| 2:19 | Create | Villager (Male) |
| 2:31 | Create | Villager (Male) |
| 3:00 | Create | Villager (Male) |
| 3:21 | Create | Villager (Male) |
| 3:50 | Create | Villager (Male) |
| 4:07 | Build | House |
| 4:08 | Build | House |
| 4:09 | Build | House |
| 4:17 | Create | Villager (Male) |
| 4:41 | Build | Mill |
| 4:48 | Create | Villager (Male) |
| 5:21 | Create | Villager (Male) ×2 |
| 5:33 | Create | Villager (Male) |
| 5:34 | Create | Villager (Male) |
| 6:28 | Create | Villager (Male) ×3 |
| 7:40 | Build | Farm |
| 8:06 | Build | Lumber Camp |
| 8:34 | Create | Villager (Male) ×5 |
| 9:51 | Research | Feudal Age |
| 9:56 | Create | Villager (Male) |
| 9:57 | Create | Villager (Male) |
| 10:46 | Build | Mining Camp |
| 11:18 | Build | Farm |
| 11:19 | Build | Farm |
| 11:23 | Research | Feudal Age |
| 11:35 | Build | Farm |
| 11:42 | Build | House |
| 12:42 | Create | Villager (Male) |
| 12:42 | Create | Villager (Male) |
| 12:56 | Build | Farm |
| 12:57 | Build | Farm |
| 12:59 | Build | Farm |
| 13:00 | Build | Farm |
| 13:29 | Build | Farm |
| 13:39 | Age | Feudal Age |
| 13:45 | Build | Blacksmith |
| 13:57 | Build | Market |
| 14:03 | Research | Gold Mining |
| 14:09 | Research | Double-Bit Axe |
| 14:37 | Research | Castle Age |
| 16:46 | Research | Loom |
| 16:47 | Create | Villager (Male) |
| 16:47 | Create | Villager (Male) |
| 17:17 | Age | Castle Age |
| 17:31 | Build | Siege Workshop |
| 17:46 | Build | University |
| 18:15 | Build | Barracks |
| 18:36 | Research | Imperial Age |
| 19:13 | Build | Archery Range |
| 19:16 | Build | Archery Range |
| 20:47 | Build | House |
| 20:48 | Build | House |
| 20:53 | Build | House |
| 21:29 | Create | Villager (Male) |
| 21:30 | Create | Villager (Male) |
| 21:31 | Create | Villager (Male) |
| 21:46 | Age | Imperial Age |
| 21:49 | Create | Bombard Cannon |
| 21:55 | Create | Hand Cannoneer |
| 21:55 | Create | Hand Cannoneer |
| 21:56 | Create | Hand Cannoneer |
| 21:56 | Create | Hand Cannoneer |
| 21:57 | Create | Hand Cannoneer |
| 21:57 | Create | Hand Cannoneer |
| 21:58 | Create | Hand Cannoneer |
| 21:58 | Create | Hand Cannoneer |
| 23:12 | Create | Bombard Cannon |
| 23:23 | Create | Hand Cannoneer |
| 23:23 | Create | Hand Cannoneer |
| 23:24 | Create | Hand Cannoneer |
| 23:25 | Create | Hand Cannoneer |
| 24:32 | Create | Hand Cannoneer |
| 24:33 | Create | Hand Cannoneer |
| 24:33 | Create | Hand Cannoneer |
| 24:33 | Create | Hand Cannoneer |
| 24:36 | Create | Bombard Cannon |
| 24:46 | Build | House |
| 24:48 | Build | House |
| 26:57 | Create | Hand Cannoneer |
| 26:57 | Create | Hand Cannoneer |
| 26:58 | Create | Hand Cannoneer |
| 26:58 | Create | Hand Cannoneer |
| 27:35 | Build | Town Center |
| 27:49 | Build | House |
| 28:02 | Create | Hand Cannoneer |
| 28:03 | Create | Hand Cannoneer |
| 28:03 | Create | Hand Cannoneer |
| 28:04 | Create | Hand Cannoneer |
| 28:05 | Create | Hand Cannoneer |
| 28:20 | Build | House |
| 28:22 | Build | House |
| 28:49 | Create | Bombard Cannon |
| 28:51 | Create | Bombard Cannon |
| 29:27 | Create | Villager (Male) |
| 29:28 | Create | Villager (Male) |
| 29:29 | Create | Villager (Male) |
| 29:30 | Create | Villager (Male) |
| 30:58 | Create | Villager (Male) |
| 30:59 | Create | Villager (Male) |
| 30:59 | Create | Villager (Male) |
| 31:04 | Research | Horse Collar |
| 31:09 | Research | Bow Saw |
| 32:21 | Build | Siege Workshop |
| 33:04 | Create | Hand Cannoneer |
| 33:04 | Create | Hand Cannoneer |
| 33:05 | Create | Hand Cannoneer |
| 33:05 | Create | Hand Cannoneer |
| 33:06 | Create | Hand Cannoneer |
| 33:06 | Create | Hand Cannoneer |
| 33:07 | Create | Hand Cannoneer |
| 33:07 | Create | Hand Cannoneer |
| 33:31 | Create | Bombard Cannon |
| 33:33 | Create | Bombard Cannon |
| 35:06 | Create | Bombard Cannon |
| 35:41 | Build | Mining Camp |
| 35:49 | Build | Lumber Camp |
| 35:52 | Create | Villager (Male) |
| 35:53 | Create | Villager (Male) |
| 35:53 | Create | Villager (Male) |
| 36:07 | Build | House |
| 36:08 | Build | House |
| 36:10 | Build | House |
| 37:06 | Create | Hand Cannoneer |
| 37:06 | Create | Hand Cannoneer |
| 37:06 | Create | Hand Cannoneer |
| 37:07 | Create | Hand Cannoneer |
| 37:07 | Create | Hand Cannoneer |
| 37:08 | Create | Hand Cannoneer |
| 37:08 | Create | Hand Cannoneer |
| 37:08 | Create | Hand Cannoneer |
| 38:00 | Build | House |
| 38:01 | Build | House |
| 38:02 | Build | House |
| 38:11 | Create | Hand Cannoneer |
| 38:11 | Create | Hand Cannoneer |
| 38:12 | Create | Hand Cannoneer |
| 38:13 | Create | Hand Cannoneer |
| 38:14 | Create | Hand Cannoneer |
| 38:27 | Create | Villager (Male) |
| 38:28 | Create | Villager (Male) |
| 38:29 | Create | Villager (Male) |
| 38:29 | Create | Villager (Male) |
| 38:32 | Research | Heavy Plow |
| 38:45 | Create | Villager (Male) |
| 38:45 | Create | Villager (Male) |
Build order — 夏夕夏景
First 150 of 422 actions detected
| 0:02 | Create | Villager (Male) ×4 |
| 0:02 | Create | Villager (Male) ×4 |
| 0:03 | Build | House |
| 0:05 | Build | House |
| 1:25 | Create | Villager (Male) |
| 1:48 | Build | Lumber Camp |
| 1:52 | Create | Villager (Male) |
| 2:24 | Create | Villager (Male) |
| 2:53 | Create | Villager (Male) |
| 2:59 | Create | Villager (Male) |
| 3:35 | Create | Villager (Male) |
| 3:54 | Build | House |
| 4:06 | Create | Villager (Male) |
| 4:15 | Build | Mill |
| 4:23 | Build | House |
| 4:25 | Build | House |
| 4:32 | Create | Villager (Male) |
| 4:33 | Create | Villager (Male) |
| 5:02 | Create | Villager (Male) |
| 5:12 | Create | Villager (Male) |
| 5:57 | Create | Villager (Male) |
| 5:59 | Create | Villager (Male) |
| 6:17 | Build | Farm |
| 6:25 | Build | Farm |
| 6:33 | Create | Villager (Male) |
| 6:34 | Create | Villager (Male) |
| 7:15 | Create | Villager (Male) |
| 7:16 | Create | Villager (Male) |
| 7:30 | Create | Villager (Male) |
| 7:40 | Create | Villager (Male) |
| 8:02 | Create | Villager (Male) |
| 8:35 | Build | Mining Camp |
| 9:01 | Research | Feudal Age |
| 9:15 | Create | Villager (Male) |
| 9:16 | Create | Villager (Male) |
| 11:11 | Age | Feudal Age |
| 11:13 | Build | Market |
| 11:15 | Build | Blacksmith |
| 11:35 | Research | Double-Bit Axe |
| 12:12 | Research | Castle Age |
| 12:12 | Research | Castle Age |
| 12:36 | Research | Horse Collar |
| 12:50 | Build | House |
| 12:51 | Build | House |
| 12:53 | Build | House |
| 12:54 | Build | House |
| 12:55 | Build | House |
| 13:11 | Build | Farm |
| 13:15 | Build | Farm |
| 13:46 | Build | Farm |
| 13:56 | Build | Farm |
| 14:01 | Create | Villager (Male) |
| 14:01 | Create | Villager (Male) |
| 14:38 | Build | Farm |
| 14:52 | Age | Castle Age |
| 14:54 | Build | Town Center |
| 15:02 | Build | Town Center |
| 15:10 | Research | Bow Saw |
| 15:13 | Research | Heavy Plow |
| 15:13 | Research | Heavy Plow |
| 15:34 | Create | Villager (Male) |
| 15:42 | Build | Farm |
| 15:46 | Create | Villager (Male) |
| 16:05 | Build | Farm |
| 16:16 | Create | Villager (Male) |
| 16:19 | Create | Villager (Male) |
| 16:22 | Research | Wheelbarrow |
| 16:23 | Research | Wheelbarrow |
| 16:25 | Create | Villager (Male) |
| 16:31 | Build | Farm |
| 16:40 | Create | Villager (Male) |
| 16:46 | Build | Farm |
| 16:57 | Build | Farm |
| 16:59 | Create | Villager (Male) |
| 17:04 | Build | Farm |
| 17:16 | Build | Farm |
| 17:16 | Create | Villager (Male) |
| 17:21 | Build | Farm |
| 17:32 | Create | Villager (Male) |
| 17:37 | Build | Farm |
| 17:50 | Build | Farm |
| 17:51 | Create | Villager (Male) |
| 17:56 | Build | Farm |
| 17:58 | Create | Villager (Male) |
| 18:03 | Build | Farm |
| 18:06 | Build | Farm |
| 18:10 | Create | Villager (Male) |
| 18:10 | Create | Villager (Male) |
| 18:14 | Create | Villager (Male) |
| 18:22 | Build | Farm |
| 18:27 | Build | Farm |
| 18:30 | Build | Farm |
| 18:30 | Create | Villager (Male) |
| 18:31 | Create | Villager (Male) |
| 18:36 | Create | Villager (Male) |
| 18:46 | Build | Farm |
| 18:47 | Create | Villager (Male) |
| 18:52 | Create | Villager (Male) |
| 18:52 | Create | Villager (Male) |
| 18:57 | Create | Villager (Male) |
| 19:02 | Build | Farm |
| 19:07 | Build | Farm |
| 19:07 | Create | Villager (Male) |
| 19:07 | Create | Villager (Male) |
| 19:13 | Create | Villager (Male) |
| 19:19 | Research | Loom |
| 19:36 | Build | Farm |
| 19:56 | Create | Villager (Male) |
| 20:03 | Create | Villager (Male) |
| 20:09 | Create | Villager (Male) |
| 20:13 | Create | Villager (Male) |
| 20:22 | Create | Villager (Male) |
| 20:28 | Create | Villager (Male) |
| 20:37 | Build | House |
| 20:38 | Build | House |
| 20:38 | Build | House |
| 20:39 | Build | House |
| 20:40 | Create | Villager (Male) |
| 21:01 | Create | Villager (Male) |
| 21:05 | Create | Villager (Male) |
| 21:10 | Build | Farm |
| 21:17 | Create | Villager (Male) |
| 21:17 | Create | Villager (Male) |
| 21:17 | Create | Villager (Male) |
| 21:32 | Create | Villager (Male) |
| 21:37 | Build | Siege Workshop |
| 21:42 | Build | House |
| 21:43 | Build | House |
| 21:46 | Create | Villager (Male) |
| 21:50 | Build | Market |
| 21:54 | Build | University |
| 21:55 | Create | Villager (Male) |
| 21:59 | Create | Villager (Male) |
| 22:12 | Create | Villager (Male) |
| 22:25 | Build | Castle |
| 22:35 | Create | Villager (Male) |
| 22:40 | Create | Villager (Male) |
| 23:00 | Create | Villager (Male) |
| 23:02 | Create | Villager (Male) |
| 23:03 | Create | Villager (Male) |
| 23:15 | Create | Villager (Male) |
| 23:27 | Research | Hand Cart |
| 23:27 | Create | Villager (Male) |
| 23:31 | Create | Villager (Male) |
| 23:57 | Build | Stone Wall |
| 24:00 | Create | Villager (Male) |
| 24:10 | Research | Fortified Wall (upgrade) |
| 24:11 | Create | Villager (Male) |
| 24:37 | Build | Stone Wall |
| 24:39 | Create | Scorpion |
Match timeline
| 6:23 | 無際 · first_building Barracks |
| 10:25 | TheLastOne · age_up feudal |
| 10:27 | 雨""沉 · first_building Barracks |
| 10:46 | proxxi · age_up feudal |
| 11:09 | Stabgrover · age_up feudal |
| 11:11 | 夏夕夏景 · age_up feudal |
| 11:41 | 雨""沉 · age_up feudal |
| 11:46 | 大折跃 · age_up feudal |
| 11:47 | 無際 · age_up feudal |
| 11:51 | 無際 · first_building Archery Range |
| 12:27 | 雨""沉 · first_building Siege Workshop |
| 12:45 | TheLastOne · first_building Barracks |
| 12:52 | Stabgrover · first_market_sell 100 wood |
| 12:53 | Stabgrover · first_market_buy 100 food |
| 13:39 | ky21431 · age_up feudal |
| 13:58 | TheLastOne · age_up castle |
| 14:06 | TheLastOne · first_building Stable |
| 14:23 | proxxi · age_up castle |
| 14:42 | Stabgrover · age_up castle |
| 14:52 | 夏夕夏景 · age_up castle |
| 14:54 | Stabgrover · first_building Siege Workshop |
| 15:05 | Stabgrover · first_building Castle |
| 15:09 | 無際 · wall_segment Stone Wall x18 |
| 15:19 | 大折跃 · age_up castle |
| 15:42 | 無際 · age_up castle |
| 16:04 | 無際 · wall_segment Stone Wall x4 |
| 16:24 | 大折跃 · first_building Siege Workshop |
| 16:50 | 無際 · first_building Castle |
| 17:17 | ky21431 · age_up castle |
| 17:23 | 無際 · wall_segment Stone Wall x1 |
| 17:31 | ky21431 · first_building Siege Workshop |
| 18:15 | ky21431 · first_building Barracks |
| 18:18 | 無際 · first_building Stable |
| 18:33 | ky21431 · first_market_buy 100 food |
| 19:13 | ky21431 · first_building Archery Range |
| 20:39 | 大折跃 · first_building Monastery |
| 21:19 | Stabgrover · first_building Barracks |
| 21:37 | 夏夕夏景 · first_building Siege Workshop |
| 21:46 | ky21431 · age_up imperial |
| 21:50 | 大折跃 · first_building Castle |
| 22:25 | 夏夕夏景 · first_building Castle |
| 22:37 | 雨""沉 · wall_segment Palisade Wall x1 |
| 23:18 | proxxi · first_building Monastery |
| 23:57 | 夏夕夏景 · wall_segment Stone Wall x7 |
| 24:15 | proxxi · first_building Barracks |
| 24:37 | 夏夕夏景 · wall_segment Stone Wall x3 |
| 24:37 | 大折跃 · first_building Barracks |
| 24:56 | proxxi · first_market_sell 100 food |
| 25:14 | proxxi · first_building Stable |
| 25:18 | 大折跃 · first_building Stable |
| 26:37 | proxxi · first_building Castle |
| 27:13 | 夏夕夏景 · first_building Barracks |
| 27:38 | TheLastOne · first_building Monastery |
| 27:49 | 雨""沉 · age_up castle |
| 28:12 | 大折跃 · first_market_sell 100 food |
| 28:16 | proxxi · age_up imperial |
| 29:55 | 雨""沉 · first_building Castle |
| 30:55 | Stabgrover · tribute_sent a jugador 2 |
| 30:55 | Stabgrover · tribute_sent a jugador 3 |
| 30:55 | Stabgrover · tribute_sent a jugador 4 |
| 30:55 | Stabgrover · tribute_sent a jugador 5 |
| 30:55 | Stabgrover · tribute_sent a jugador 6 |
| 30:55 | Stabgrover · tribute_sent a jugador 7 |
| 30:55 | Stabgrover · tribute_sent a jugador 8 |
| 31:54 | 大折跃 · age_up imperial |
| 33:22 | TheLastOne · age_up imperial |
| 33:34 | 夏夕夏景 · age_up imperial |
| 35:01 | Stabgrover · tribute_sent a jugador 2 |
| 35:01 | Stabgrover · tribute_sent a jugador 3 |
| 35:01 | Stabgrover · tribute_sent a jugador 4 |
| 35:01 | Stabgrover · tribute_sent a jugador 5 |
| 35:01 | Stabgrover · tribute_sent a jugador 6 |
| 35:01 | Stabgrover · tribute_sent a jugador 7 |
| 35:01 | Stabgrover · tribute_sent a jugador 8 |
| 35:04 | Stabgrover · resign |
| 35:04 | 無際 · first_building Siege Workshop |
| 35:55 | 夏夕夏景 · first_market_buy 100 food |
| 36:09 | 無際 · age_up imperial |
| 36:19 | TheLastOne · first_market_sell 500 food |
| 37:50 | 大折跃 · tribute_sent a jugador 1 |
| 37:50 | 大折跃 · tribute_sent a jugador 2 |
| 37:50 | 大折跃 · tribute_sent a jugador 3 |
| 37:50 | 大折跃 · tribute_sent a jugador 4 |
| 37:51 | 大折跃 · tribute_sent a jugador 5 |
| 37:51 | 大折跃 · tribute_sent a jugador 6 |
| 37:51 | 大折跃 · tribute_sent a jugador 8 |
| 39:18 | 無際 · wall_segment Stone Wall x4 |
| 39:22 | 無際 · wall_segment Stone Wall x3 |
| 40:17 | 雨""沉 · age_up imperial |
| 42:39 | ky21431 · wall_segment Stone Wall x14 |
| 43:10 | 無際 · wall_segment Stone Wall x1 |
| 44:43 | ky21431 · wall_segment Stone Wall x9 |
| 49:25 | ky21431 · first_building Stable |
[ AI ANALYSIS · 1 CREDIT ]
What really happened in this match?
Wolo.gg analyzes every decision: build order, eco, micro, common mistakes by bracket. Personalized analysis on WhatsApp or Discord in 30 seconds.
Civ guide
Burgundians
Map guide
Arena
Perfil
Jugador #755133